 Dungeon Crawl Stone Soup version 0.29.1-12-g30fa7ad0bf (webtiles) character file.

Game seed: 13198582821894555984

1352 112233 the Geomancer (level 8, -11/51 HPs)
             Began as an Octopode Earth Elementalist on Dec 17, 2022.
             Mangled by a seven-headed hydra (13 damage)
             ... on level 6 of the Dungeon.
             The game lasted 00:05:04 (5152 turns).

112233 the Geomancer (Octopode Earth Elementalist)  Turns: 5152, Time: 00:05:04

Health: -11/51     AC:  1    Str:  8    XL:     8   Next: 63%
Magic:  2/14       EV: 18    Int: 19    God:
Gold:   410        SH:  0    Dex: 12    Spells: 2/15 levels left

rFire   + . .      SeeInvis .   e - +2 dagger (venom)
rCold   . . .      Faith    .   (no shield)
rNeg    . . .      Spirit   .   (helmet restricted)
rPois   .          Reflect  .   (no amulet)
rElec   .          Harm     .   d - +4 ring of evasion
rCorr   .          Rampage  .   m - ring of protection from fire
Will    .....                   (no ring)
Stlth   +++.......              (no ring)
HPRegen 0.17/turn               (no ring)
MPRegen 0.14/turn               (no ring)
                                (no ring)
                                (no ring)

@: no status effects
A: almost no armour, amphibious, 8 rings, camouflage 1, gelatinous body 1,
(nimble swimmer 1), tentacles
a: no special abilities


You were on level 6 of the Dungeon.
You visited 1 branch of the dungeon, and saw 6 of its levels.

You collected 410 gold pieces.

Inventory:

Hand Weapons
 c - a +0 short sword
 e - a +2 dagger of venom (weapon)
Jewellery
 d - a +4 ring of evasion (left tentacle)
 i - a +6 ring of dexterity
 m - a ring of protection from fire (right tentacle)
 r - a +6 ring of dexterity
Wands
 o - a wand of roots (6)
Scrolls
 b - 10 scrolls of identify
 f - a scroll of immolation {unknown}
 h - 2 scrolls of poison
 j - a scroll of teleportation
 p - 2 scrolls of amnesia
 q - a scroll of fear {unknown}
 s - a scroll of enchant weapon {unknown}
Potions
 a - a potion of magic
 g - a potion of heal wounds {unknown}
 k - a potion of haste
 l - 2 potions of lignification {unknown}
 n - a potion of brilliance {unknown}
 t - a potion of mutation {unknown}


   Skills:
 + Level 2.5 Fighting
 + Level 3.4 Dodging
 - Level 2.6 Stealth
 * Level 4.2 Spellcasting
 + Level 1.5 Transmutations
 * Level 8.9 Earth Magic


You had 2 spell levels left.
You knew the following spells:

 Your Spells              Type           Power      Damage    Failure   Level
a - Sandblast             Erth           76%        2d16      1%          1
b - Stone Arrow           Conj/Erth      40%        3d9       6%          3
c - Passwall              Tmut/Erth      19%        N/A       2%          2
d - Statue Form           Tmut/Erth      15%        N/A       94%         6
e - Apportation           Tloc           6%         N/A       14%         1

Your spell library contained the following spells:

 Spells                   Type           Power      Damage    Failure   Level
 Beastly Appendage        Tmut           18%        N/A       7%          1
 Petrify                  Tmut/Erth      23%        N/A       16%         4
 Ignite Poison            Fire/Tmut/Pois 5%         N/A       32%         3
 Alistair's Intoxication  Tmut/Pois      4%         N/A       95%         5
 Metabolic Englaciation   Hex/Ice        1%         N/A       98%         5
 Necromutation            Tmut/Necr      3%         N/A       100%        8
 Animate Armour           Summ/Erth      Unusable   N/A       N/A         4

Dungeon Overview and Level Annotations

Branches:
Dungeon (6/15)
 Temple: D:4-7

Altars:
Nemelex Xobeh


Innate Abilities, Weirdness & Mutations

You cannot wear most types of armour.
You are amphibious.
You can wear up to eight rings at the same time.
Your skin changes colour to match your surroundings (Stealth+).
Your rubbery body absorbs attacks. (AC +1, EV +1)
((You are camouflaged when in or above water. (Stealth+)))
You have tentacles for arms and can constrict up to eight enemies at once.


Message History

Aim: a seven-headed hydra (asleep, 100% to hit)
The stone arrow hits the seven-headed hydra!
The seven-headed hydra is lightly wounded.
The seven-headed hydra roars!
Unknown command.
Casting: Stone Arrow (dangerous; 6% risk of failure)
Confirm with . or Enter, or press ? or * to list all spells.
Aiming: Stone Arrow (dangerous; 6% risk of failure)
Press: ? - help, Shift-Dir - straight line, f/p - seven-headed hydra
Aim: a seven-headed hydra (lightly wounded, 90% to hit)
The stone arrow hits the seven-headed hydra!!
The seven-headed hydra is moderately wounded.
Unknown command.
Casting: Stone Arrow (dangerous; 6% risk of failure)
Confirm with . or Enter, or press ? or * to list all spells.
Aiming: Stone Arrow (dangerous; 6% risk of failure)
Press: ? - help, Shift-Dir - straight line, f/p - seven-headed hydra
Aim: a seven-headed hydra (moderately wounded, 90% to hit)
The stone arrow hits the seven-headed hydra!
The seven-headed hydra is heavily wounded.
The seven-headed hydra bites you!
The seven-headed hydra closely misses you.
The seven-headed hydra barely misses you.
The seven-headed hydra closely misses you.
The seven-headed hydra bites you. The seven-headed hydra misses you.
The seven-headed hydra bites you!
* * * LOW HITPOINT WARNING * * *
Okay, then.
Okay, then.
Casting: Stone Arrow (dangerous; 6% risk of failure)
Confirm with . or Enter, or press ? or * to list all spells.
Aiming: Stone Arrow (dangerous; 6% risk of failure)
Press: ? - help, Shift-Dir - straight line, f/p - seven-headed hydra
Aim: a seven-headed hydra (heavily wounded, 90% to hit)
The stone arrow hits the seven-headed hydra!
The seven-headed hydra is severely wounded.
The seven-headed hydra bites you!
* * * LOW HITPOINT WARNING * * *
The seven-headed hydra bites you!
You die...

#### ## ...###### ...
#......# ... #.@...#
#.# #D....+
#.##.###..#
#.#.###.).###+
...####.####........#
+.......⌠............#
#...####.####....##..#
#. #.#.# ##..## ..#
#.###. #.# ##..# .#


You could see a seven-headed hydra.

Vanquished Creatures
  Sigmund (D:2)
  A shadow (D:6)
  2 ice beasts
  2 black bears
  A scorpion (D:5)
  2 jellies
  3 hounds
  A gnoll bouda (D:5)
  An iguana (D:4)
  6 orc wizards
  Robin (D:2)
  5 gnolls (D:5)
  5 adders
  A shadow imp (D:5)
  An ufetubus (D:4)
  A worm (D:3)
  3 dart slugs
  16 orcs
  5 ball pythons
  9 endoplasms
  4 giant cockroaches
  16 goblins
  10 hobgoblins
  9 jackals (D:1)
  4 kobolds (D:1)
  A quokka (D:3)
  4 bats
  A frilled lizard (D:1)
  3 rats
119 creatures vanquished.

Vanquished Creatures (collateral kills)
  A gnoll (D:5)
  An ufetubus (D:5)
  2 orcs (D:5)
  A quokka (D:5)
5 creatures vanquished.

Grand Total: 124 creatures vanquished

Notes
Turn   | Place    | Note
-------+----------+-------------------------------------------
     0 | D:1      | 112233 the Octopode Earth Elementalist began the quest for
                  | the Orb.
     0 | D:1      | Reached XP level 1. HP: 11/11 MP: 3/3
   170 | D:1      | Reached XP level 2. HP: 17/17 MP: 3/5
   612 | D:1      | Reached skill level 4 in Earth Magic
   625 | D:1      | Reached XP level 3. HP: 21/21 MP: 6/6
  1123 | D:2      | Reached XP level 4. HP: 27/27 MP: 7/7
  1511 | D:2      | Reached skill level 5 in Earth Magic
  1536 | D:2      | Noticed Sigmund
  1541 | D:2      | Killed Sigmund
  1542 | D:2      | Reached skill level 6 in Earth Magic
  1542 | D:2      | Reached XP level 5. HP: 31/31 MP: 8/8
  1542 | D:2      | Reached XP level 6. HP: 36/36 MP: 9/9
  1757 | D:2      | Noticed Robin
  1769 | D:2      | You fall into a shaft and drop 2 floors!
  2031 | D:4      | Reached skill level 7 in Earth Magic
  2081 | D:4      | Noticed a black bear
  2644 | D:4      | Killed a black bear
  2645 | D:4      | Reached XP level 7. HP: 41/41 MP: 7/10
  3219 | D:3      | Found a sparkling altar of Nemelex Xobeh.
  3507 | D:2      | Killed Robin
  4053 | D:5      | Entered Level 5 of the Dungeon
  4120 | D:5      | Reached skill level 8 in Earth Magic
  4124 | D:5      | Reached skill level 1 in Fighting
  4146 | D:5      | Reached XP level 8. HP: 20/48 MP: 8/12
  4481 | D:5      | Learned a level 3 spell: Stone Arrow
  4484 | D:5      | Learned a level 2 spell: Passwall
  4491 | D:5      | Learned a level 6 spell: Statue Form
  4493 | D:5      | Learned a level 1 spell: Apportation
  4501 | D:5      | Got the Folio of Transformation and Apparitions
  4965 | D:6      | Noticed a shadow
  4967 | D:6      | Killed a shadow
  5148 | D:6      | Noticed a seven-headed hydra
  5152 | D:6      | HP: 2/51 [seven-headed hydra (13)]
  5152 | D:6      | Mangled by a seven-headed hydra

Illustrated notes

Levels and vault maps discovered:
D:1:      dpeg_arrival_erosion, layout_basic, minivault_23, solitary_fountain
D:2:      layout_rooms, chequers_serial_rivers_room_b, dk_noncrumbling_4,
          uniq_robin, uniq_sigmund
D:3:      layout_loops_ring, nemelex_spade_bored_becter
D:4:      layout_basic
D:5:      layout_loops_cross
D:6:      layout_gridville, makhleb_heckhound_becter, kb_rosetta

Skill      XL: |  1  2  3  4  5  6  7  8 |
---------------+-------------------------+-----
Earth Magic    | 4 6 7 8 |  8.9
Fighting       | 1 2 |  2.5
Spellcasting   | 3 4 |  4.2
Dodging        | 3 |  3.4
Stealth        | |  2.6
Transmutations | |  1.5

Action                   |  1- 3 |  4- 6 |  7- 9 || total
-------------------------+-------+-------+-------++-------
Melee: Dagger            |    44 |    56 |    25 ||   125
       Tentacles         |    10 |    12 |     9 ||    31
       Constrict         |     8 |    13 |     9 ||    30
       Punch             |       |     1 |       ||     1
 Cast: Sandblast         |    12 |    16 |    52 ||    80
       Stone Arrow       |       |       |    10 ||    10
Evoke: Wand              |       |       |     4 ||     4
  Use: Scroll            |       |     2 |     6 ||     8
       Potion            |       |       |     3 ||     3
 Stab: Sleeping          |    11 |     2 |     2 ||    15
Armor: Skin              |     4 |     5 |     1 ||    10
Dodge: Dodged            |    31 |    56 |    63 ||   150
